[Event "*** Titled Tuesday Blitz"]
[Site "Chess.com"]
[Date "2020.05.05"]
[Round "10"]
[White "dbrankovic68"]
[Black "IwkooO"]
[Result "0-1"]
[WhiteElo "2455"]
[BlackElo "2578"]
[TimeControl "180+1"]
[EndTime "11:59:34 PDT"]
[Termination "IwkooO won on time"]

1. e4 g6 2. d4 Bg7 3. Nc3 c6 4. h4 h5 5. Be3 d5 6. Bd3 Nf6 7. e5 Ng4 8. Bf4 Qb6 9. Nce2 Qxb2 10. Nf3 Qa3 11. O-O O-O 12. Qd2 Na6 13. c3 Nc7 14.
Nh2 Nxh2 15. Kxh2 c5 16. Rab1 b6 17. Rb3 Qa5 18. Bb1 cxd4 19. Nxd4 Ne6 20. Bg3 Nxd4 21.
Qxd4 Be6 22. f4 Rac8 23. f5 Rc4 24. Qf2 gxf5 25. Bxf5 Rxc3 26. Rxc3 Qxc3 27. Qf4 Qc4 28. Qg5 Qxf1 29. Bc2 d4 30. Be4 d3 31. Qxh5 Rd8 32.
Qh7+ Kf8 33. h5 Qc1 34. Bh4 Qh6 0-1

[Event "*** Titled Tuesday Blitz"]
[Site "Chess.com"]
[Date "2020.05.05"]
[Round "10"]
[White "Petrosyan_Tigran"]
[Black "Angel_Hranitel_37"]
[Result "0-1"]
[WhiteElo "2527"]
[BlackElo "2400"]
[TimeControl "180+1"]
[EndTime "11:59:34 PDT"]
[Termination "Angel_Hranitel_37 won by resignation"]

1. Nf3 Nf6 2. c4 g6 3. Nc3 Bg7 4. g3 O-O 5. Bg2 d6 6. O-O Nc6 7. d4 Bf5 8. d5 Na5 9. Nd2 c5 10. e4 Bg4 11. Qc2 a6 12. Rb1 Rb8 13. b3 b5 14. Bb2 Qd7 15. f3 Bh3 16. Ne2 Bxg2 17. Kxg2 bxc4 18. bxc4 Rb4 19. a3 Ra4 20. Nc3 Rxc4 21.
Nxc4 Nxc4 22. Bc1 e6 23. Qd3 exd5 24. exd5 Ne5 25. Qxa6 Qf5 26. Bf4 Qc2+ 27. Ne2 Nd3 28. Rbe1 Nxd5 29. Qxd6 N5xf4+ 30. gxf4 Re8 31. Kg1 Nxe1 32.
Rxe1 Rxe2 33. Qb8+ Bf8 34. Rxe2 Qxe2 35. a4 c4 36. a5 c3 37. a6 Qxa6 38. Qe5 Qc6 0-1

[Event "*** Titled Tuesday Blitz"]
[Site "Chess.com"]
[Date "2020.05.05"]
[Round "10"]
[White "emperor87"]
[Black "CarlssonLudvig"]
[Result "1-0"]
[WhiteElo "2572"]
[BlackElo "2448"]
[TimeControl "180+1"]
[EndTime "11:59:35 PDT"]
[Termination "emperor87 won on time"]

1. e4 e5 2. Nf3 Nc6 3. Bc4 Nf6 4. d3 Bc5 5. O-O h6 6. a4 d6 7. c3 a6 8. Re1 O-O 9. Na3 Ba7 10. Nc2 Re8 11.
Be3 Be6 12. Bxa7 Bxc4 13. dxc4 Rxa7 14. a5 Ra8 15. b4 Qd7 16. Qd3 Nh5 17. g3 Qh3 18.
Qf1 Qg4 19. Qg2 Nf6 20. h3 Qe6 21. Nd2 Ne7 22. Ne3 Qd7 23. Kh2 Ng6 24. Nd5 Nxd5 25.
cxd5 Rf8 26. c4 h5 27. h4 Ne7 28. f4 exf4 29. gxf4 Ng6 30. Qg3 Qg4 31. Qxg4 hxg4 32. Kg3 f5 33. h5 Ne7 34. e5 Rae8 35. exd6 cxd6 36. Re6 Kf7 37. Rae1 Ng8 38. Nf1 Nf6 39. Rxe8 Rxe8 40. Rxe8 Kxe8 41. Kh4 Ng8 42. Ng3 Ne7 43. c5 Kd7 44. Kg5 Kc7 45. Nf1 Kd7 46. Ne3 Kc7 47.
Kh4 Kd7 48. Kg3 Kd8 49. cxd6 1-0

[Event "*** Titled Tuesday Blitz"]
[Site "Chess.com"]
[Date "2020.05.05"]
[Round "10"]
[White "salomez"]
[Black "PavelChernomordik"]
[Result "0-1"]
[WhiteElo "2238"]
[BlackElo "2406"]
[TimeControl "180+1"]
[EndTime "11:59:36 PDT"]
[Termination "PavelChernomordik won on time"]

1. e4 g6 2. d4 Bg7 3. Nc3 d6 4.
Be3 c6 5. Nf3 b5 6. Bd3 Nf6 7.
Qd2 Ng4 8. Bg5 h6 9. Bh4 g5 10. Bg3 e5 11. d5 b4 12. Ne2 c5 13. c3 a5 14. h4 f6 15. hxg5 fxg5 16. Nh2 Nf6 17. f3 Ba6 18. Bxa6 Nxa6 19. c4 h5 20. Nf1 Bh6 21. Qc2 g4 22. fxg4 Nxg4 23. Qb3 Nc7 24.
Nd2 a4 25. Qd3 Qg5 26. Nf3 Qe3 27. Qxe3 Nxe3 28. Kf2 Nxc4 29. b3 Nd2 30. Rxh5 Nxe4+ 31. Kf1 Nxd5 32. Bxe5 dxe5 33. Rxe5+ Kf7 34. Rxe4 axb3 35.
Re5 Ne3+ 36. Kg1 Rxa2 0-1

[Event "*** Titled Tuesday Blitz"]
[Site "Chess.com"]
[Date "2020.05.05"]
[Round "10"]
[White "Morshynska"]
[Black "powermove"]
[Result "1-0"]
[WhiteElo "2143"]
[BlackElo "1677"]
[TimeControl "180+1"]
[EndTime "11:59:36 PDT"]
[Termination "Morshynska won on time"]

1. e4 e5 2. Nf3 Nc6 3. Bc4 Nf6 4. d3 Bc5 5. c3 d6 6. h3 a6 7. O-O Ba7 8. Be3 O-O 9. Bb3 Ne7 10. Nbd2 Ng6 11. d4 Qe7 12. Re1 h6 13. Bc2 Bd7 14.
Nf1 Rad8 15. Ng3 Nh7 16. Nf5 Qf6 17. dxe5 dxe5 18. Bxa7 Bxf5 19. Qc1 Bxh3 20. Be3 Bg4 21. Nh2 Be6 22. f3 Ng5 23. Bf2 Nf4 24. Kh1 Qg6 25. Rg1 Ne2 26. Qe3 Nxg1 27. Rxg1 b6 28. a4 Rd7 29.
Be1 Rfd8 30. g3 Nh3 31. Rg2 a5 32. f4 Qh5 33. f5 Bc4 34. g4 Qg5 35. Qxh3 Bd3 36.
Bd1 Bc4 37. Bf3 Bf1 38. Qg3 Bxg2+ 39. Kxg2 Rd3 40. Nf1 1-0

[Event "*** Titled Tuesday Blitz"]
[Site "Chess.com"]
[Date "2020.05.05"]
[Round "10"]
[White "FMJoseHerrera"]
[Black "youngKID"]
[Result "0-1"]
[WhiteElo "2588"]
[BlackElo "2783"]
[TimeControl "180+1"]
[EndTime "11:59:37 PDT"]
[Termination "youngKID won on time"]

1. Nf3 Nf6 2. g3 g6 3. Bg2 Bg7 4. d3 O-O 5. Nc3 d5 6. h4 d4 7. Nb1 c5 8. h5 Nxh5 9. Bg5 Nc6 10. Qd2 Nf6 11. Bh6 Ng4 12. Bxg7 Kxg7 13. Na3 h5 14. c3 e5 15. Nc2 dxc3 16. bxc3 c4 17. d4 Bf5 18. e3 Be4 19. O-O Qd5 20. Nh4 Bxg2 21. Nxg2 exd4 22. exd4 Nce5 23. Qe2 Nf3+ 24. Kh1 Rfe8 25. Nce3 Qe4 26. Qxc4 Nd2 27. Qb5 Nxf1 28. Rxf1 Qf3 29. Kg1 Nf6 30. Nh4 Qc6 31. Qg5 Ne4 32.
Nhf5+ Kg8 33. Nh6+ Kf8 34. Qf4 Qe6 35. Re1 Qf6 36. Qc7 Qxf2+ 37. Kh1 Qxe1+ 38. Kh2 Qf2+ 39. Ng2 Qxg3+ 40. Qxg3 Nxg3 41. Kxg3 Kg7 0-1

[Event "*** Titled Tuesday Blitz"]
[Site "Chess.com"]
[Date "2020.05.05"]
[Round "10"]
[White "tteshan"]
[Black "GMJustin"]
[Result "0-1"]
[WhiteElo "2205"]
[BlackElo "2354"]
[TimeControl "180+1"]
[EndTime "11:59:37 PDT"]
[Termination "GMJustin won by checkmate"]

1. d4 d5 2. c4 dxc4 3. e3 Nc6 4. Bxc4 e5 5. Nf3 e4 6. Nfd2 Qg5 7. Nxe4 Qxg2 8.
Ng3 Bb4+ 9. Nc3 Nf6 10. Qb3 O-O 11. Bd2 Bxc3 12. Bxc3 Ne4 13. O-O-O Nxc3 14. Qxc3 Ne7 15. Nh5 Qf3 16. Nf4 Ng6 17. Bd5 Qxf2 18. Rdf1 Qh4 19.
Nxg6 hxg6 20. Rxf7 Rxf7 21. Qxc7 Qf2 22. Qd8+ Kh7 23.
Bxf7 Qxf7 24. Qh4+ Kg8 25. Qd8+ Qf8 26. Qd5+ Kh8 27.
Qg2 Bf5 28. h4 Rc8+ 29. Kd1 Rc2 30. Qg5 Rxb2 31. h5 Bc2+ 32. Ke1 Qb4+ 33. Kf2 Be4+ 34. Kg3 Rg2+ 35. Kf4 Rxg5 36. Kxg5 Qe7+ 37. Kf4 g5+ 38.
Kg4 Qd6 39. Kxg5 Bxh1 40. h6 Be4 41. Kh5 Qg6+ 42. Kh4 gxh6 43. Kh3 Qg5 44. d5 h5 45. d6 Qg4+ 46. Kh2 Qg2# 0-1

[Event "*** Titled Tuesday Blitz"]
[Site "Chess.com"]
[Date "2020.05.05"]
[Round "10"]
[White "IMTominho"]
[Black "Sam_ChessMood"]
[Result "1-0"]
[WhiteElo "2835"]
[BlackElo "2884"]
[TimeControl "180+1"]
[EndTime "11:59:38 PDT"]
[Termination "IMTominho won by resignation"]

1. d4 Nf6 2. c4 e6 3. Nf3 d5 4. Nc3 Bb4 5. cxd5 exd5 6. Bg5 h6 7. Bxf6 Qxf6 8. Qa4+ Nc6 9. e3 O-O 10. Rc1 Rd8 11. a3 Bf8 12. Bd3 Ne7 13. O-O c6 14. b4 a6 15. Qb3 Bf5 16. Rfd1 Bg4 17. Be2 Ng6 18. a4 Bd6 19. Nd2 Be6 20. g3 Nf8 21. b5 a5 22. bxc6 bxc6 23. Qc2 Nh7 24. Nf3 Bg4 25.
Ne1 Bd7 26. Nf3 Bg4 27. Ne1 Bd7 28. Nd3 Ng5 29. f4 Nh3+ 30. Kg2 Bf5 31. Qd2 Bb4 32. Bf3 g5 33. Ne5 h5 34. Bxh5 Kg7 35. Nxf7 Rh8 36. Nxh8 Rxh8 37. g4 Be4+ 38. Nxe4 dxe4 39. Qc2 gxf4 40.
Kxh3 Rxh5+ 41. gxh5 Qf5+ 42. Kg2 f3+ 43. Kh1 f2 44. Rg1+ Kh7 45. Rcf1 Be1 46. Rg2 Qf3 47.
Qxc6 Qe2 48. Qg6+ 1-0

[Event "*** Titled Tuesday Blitz"]
[Site "Chess.com"]
[Date "2020.05.05"]
[Round "10"]
[White "Indianlad"]
[Black "1977Ivan"]
[Result "1-0"]
[WhiteElo "2897"]
[BlackElo "2641"]
[TimeControl "180+1"]
[EndTime "11:59:38 PDT"]
[Termination "Indianlad won on time"]

1. e4 c5 2. Nf3 e6 3. d4 cxd4 4.
Nxd4 Nc6 5. Nc3 Qc7 6. g3 a6 7. Bg2 Nf6 8. O-O Nxd4 9. Qxd4 Bc5 10. Bf4 d6 11. Qd2 h6 12. Rad1 e5 13. Be3 Bg4 14. Bxc5 dxc5 15. f3 Be6 16. f4 O-O 17. Qd6 Qa5 18.
f5 Bc4 19. Rfe1 Qb4 20. Qxe5 Qxb2 21. Rb1 Qxc2 22. Rbc1 Qd2 23. Qxc5 Rac8 24. Qb6 Ng4 25. h3 Ne5 26. Red1 Qg5 27. Kh2 Bd3 28. Qd4 Rfe8 29.
h4 Qd8 30. Nd5 Rxc1 31. Rxc1 Be2 32. Re1 Bf3 33. f6 Bxg2 34. Kxg2 gxf6 35. Rf1 Ng4 36.
Kh3 h5 37. Rf5 Qd7 38. Kg2 Qe6 39. Rxh5 Qxe4+ 40. Qxe4 Rxe4 41. Kf3 Ra4 42. Rf5 Kg7 43. Rf4 Ne5+ 44. Ke3 Ra3+ 45. Ke4 Ra4+ 46. Kf5 1-0

[Event "*** Titled Tuesday Blitz"]
[Site "Chess.com"]
[Date "2020.05.05"]
[Round "10"]
[White "ManuDavid2910"]
[Black "Vesper2018"]
[Result "1-0"]
[WhiteElo "2650"]
[BlackElo "2205"]
[TimeControl "180+1"]
[EndTime "11:59:38 PDT"]
[Termination "ManuDavid2910 won by resignation"]

1. e4 c5 2. Nf3 d6 3. c3 Nf6 4. Bc4 g6 5. O-O Bg7 6. Re1 O-O 7. d4 Bg4 8. h3 Bxf3 9. Qxf3 cxd4 10. cxd4 Nc6 11. Be3 Nd7 12. Rd1 Rc8 13. Bf1 e5 14. dxe5 Ndxe5 15. Qg3 Nb4 16. Na3 Nc2 17. Nxc2 Rxc2 18. Bd4 Qc7 19. a4 Rc8 20. a5 Qc6 21. Kh1 Nc4 22. b3 Ne5 23. f4 Nd7 24. Bxg7 Kxg7 25. Rd4 Nf6 26. e5 Ne4 27. Qe3 Nf2+ 28. Kg1 dxe5 29. Qxe5+ f6 30. Qe7+ Kh6 31. Rd7 Nxh3+ 32. gxh3 Qc5+ 33. Qxc5 R8xc5 34. Rxb7 Rb2 35. a6 Rc3 36. b4 Rg3+ 37. Kh1 Rf3 38. Bg2 Rff2 39.
Rg1 Rxf4 40. b5 Rfb4 41. Rxa7 Rxb5 42. Rf7 Ra5 43. a7 Rba2 44. a8=Q Rxa8 45. Bxa8 Rxa8 46.
Rxf6 1-0

[Event "*** Titled Tuesday Blitz"]
[Site "Chess.com"]
[Date "2020.05.05"]
[Round "10"]
[White "Blagorod"]
[Black "NemtsevIgor"]
[Result "1-0"]
[WhiteElo "2128"]
[BlackElo "2277"]
[TimeControl "180+1"]
[EndTime "11:59:38 PDT"]
[Termination "Blagorod won by resignation"]

1. e4 c6 2. d4 d5 3. exd5 cxd5 4.
Bd3 Nc6 5. c3 Nf6 6. Ne2 Bg4 7.
O-O e6 8. Qe1 Bxe2 9. Qxe2 Be7 10.
Nd2 O-O 11. Nf3 Rb8 12. Bf4 Bd6 13. Ne5 Bxe5 14. dxe5 Nd7 15. Qh5 f5 16. exf6 Nxf6 17.
Qh3 e5 18. Bg5 e4 19. Bc2 Qc8 20. Qh4 Qf5 21. Rad1 h6 22. Bxf6 Rxf6 23. Qg3 Rd8 24. Bb3 Kh8 25. h3 Rg6 26. Qh2 Rdd6 27. Kh1 Rgf6 28.
f3 e3 29. Rfe1 Rfe6 30. Re2 Re5 31. Rxe3 d4 32. Rxe5 Nxe5 33. cxd4 Nf7 34. Bxf7 Rb6 35.
Bb3 a5 36. Rc1 Rf6 37. Qb8+ Rf8 38. Qxb7 Qf4 39. Qc7 Qd2 40. Qc3 Qf4 41. Re1 Rd8 42. Re4 Qg3 43. Rg4 Qf2 44. d5 Rd7 45. Qc8+ Kh7 46.
Qxd7 Qe1+ 47. Kh2 Qe5+ 48. Rg3 1-0

[Event "*** Titled Tuesday Blitz"]
[Site "Chess.com"]
[Date "2020.05.05"]
[Round "10"]
[White "SCIM"]
[Black "SharapovEvgeny"]
[Result "1/2-1/2"]
[WhiteElo "2527"]
[BlackElo "2387"]
[TimeControl "180+1"]
[EndTime "11:59:39 PDT"]
[Termination "Game drawn by repetition"]

1. d4 d5 2. c4 c6 3. Nf3 Nf6 4. e3 g6 5. Nc3 Bg7 6. Be2 O-O 7. O-O Bg4 8. cxd5 cxd5 9. a4 Nc6 10.
b3 Bxf3 11. Bxf3 Qd7 12. Ba3 Rfc8 13. Rc1 a6 14. Bc5 Rab8 15. Be2 e6 16. b4 Nd8 17. b5 b6 18. Ba3 a5 19. Na2 Nb7 20. Qb3 Nd6 21. Bxd6 Qxd6 22. Rxc8+ Rxc8 23. Rc1 Rxc1+ 24. Nxc1 Qc7 25. Nd3 Ne4 26. g3 Qc3 27. Qd1 Nd6 28. Qc1 Qxc1+ 29. Nxc1 Ne4 30. Bd3 Nc3 31. Bc2 Kf8 32.
Kf1 e5 33. dxe5 Bxe5 34. Ke1 Ke7 35. Kd2 Ne4+ 36. Bxe4 dxe4 37. Kc2 Kd6 38. Kb3 Kd5 39. Ne2 f5 40. Ng1 g5 41. Nh3 h6 42. Ng1 f4 43.
gxf4 gxf4 44. h3 f3 45. h4 Kc5 46. Nh3 Kd5 47. h5 Kc5 48. Ng1 Kd5 49. Nh3 Kc5 50. Ng1 Kd5 51. Nh3 1/2-1/2

[Event "*** Titled Tuesday Blitz"]
[Site "Chess.com"]
[Date "2020.05.05"]
[Round "10"]
[White "kungmongmanh"]
[Black "SiddharthGMJagadeesh"]
[Result "0-1"]
[WhiteElo "2540"]
[BlackElo "2427"]
[TimeControl "180+1"]
[EndTime "11:59:39 PDT"]
[Termination "SiddharthGMJagadeesh won by resignation"]

1. d4 d5 2. c4 e6 3. Nc3 Nf6 4. cxd5 exd5 5. Bg5 c6 6. e3 Bd6 7. Bd3 O-O 8. Qc2 h6 9. Bh4 Re8 10. Nf3 Be6 11. O-O Nbd7 12. Rab1 a5 13. a3 Qb8 14.
Bg3 Bxg3 15. hxg3 Qd6 16. b4 axb4 17. axb4 b5 18. e4 dxe4 19. Nxe4 Nxe4 20. Bxe4 Bc4 21. Rfe1 Nf6 22. Bf5 Rxe1+ 23. Rxe1 Qxb4 24. Qc1 Bd5 25. Ne5 Ra2 26. Qe3 Ra3 27. Nd3 Qf8 28. Qc1 b4 29.
Nc5 g6 30. Bb1 Kg7 31. Qf4 b3 32. Qc7 Ra1 33. Qe5 Qd8 34. Nb7 Qb6 35. Nd6 Ra8 36. Qf4 b2 37. Re7 Qd8 38. Re1 Ra1 39. Nb7 Qb6 40. Nc5 Qb4 41. Qe5 Kh7 42. Kh2 Ng4+ 43.
Kh3 Nxe5 44. Rxe5 Rxb1 0-1

[Event "*** Titled Tuesday Blitz"]
[Site "Chess.com"]
[Date "2020.05.05"]
[Round "10"]
[White "Noam_Vitenberg"]
[Black "BvsN"]
[Result "1-0"]
[WhiteElo "2500"]
[BlackElo "2379"]
[TimeControl "180+1"]
[EndTime "11:59:39 PDT"]
[Termination "Noam_Vitenberg won by resignation"]

1. d4 d5 2. c4 c6 3. Nf3 Nf6 4. Nc3 e6 5. Bg5 Be7 6. e3 O-O 7. Qc2 Nbd7 8. cxd5 exd5 9. Bd3 Re8 10. O-O Nf8 11. h3 Ng6 12. Rab1 Ne4 13. Bxe7 Qxe7 14. b4 Nh4 15. Ne5 Nxc3 16. Qxc3 Bxh3 17. gxh3 Qg5+ 18.
Ng4 f5 19. f4 Qh5 20. Ne5 Re6 21. Rb2 Rh6 22. Be2 Qe8 23. Bf3 Ng6 24. Bg2 Nh4 25.
Qd3 Qe6 26. Re2 Rf8 27. Nf3 Nxf3+ 28. Rxf3 Rg6 29. Kh2 Rh6 30. b5 Qd6 31. bxc6 bxc6 32. Qc3 g5 33. Qc5 Qc7 34. Rg3 g4 35. Bxd5+ Kh8 36.
Bg2 Qg7 37. Qe5 Rhf6 38. e4 h5 39. exf5 Qh6 40. hxg4 hxg4+ 41. Kg1 Qh4 42. Ree3 Kg8 43.
Bf1 Rh6 44. Kf2 Qh2+ 45. Ke1 Qb2 46. Bc4+ Kh7 47. Qe7+ 1-0

[Event "*** Titled Tuesday Blitz"]
[Site "Chess.com"]
[Date "2020.05.05"]
[Round "10"]
[White "Rytenko_V"]
[Black "MaxLeto"]
[Result "0-1"]
[WhiteElo "2459"]
[BlackElo "2345"]
[TimeControl "180+1"]
[EndTime "11:59:40 PDT"]
[Termination "MaxLeto won on time"]

1. e4 c5 2. Nf3 d6 3. d4 cxd4 4. Nxd4 Nf6 5. Nc3 a6 6. h3 e6 7. g4 Nfd7 8. Bg2 Qc7 9. Be3 b5 10. e5 Bb7 11. exd6 Bxd6 12. Ne4 Be7 13. O-O O-O 14. Qd2 Nf6 15. Bf4 e5 16. Nxf6+ Bxf6 17. Bg3 Rd8 18. Rfe1 Bxg2 19. Kxg2 Qb7+ 20. Kg1 exd4 21.
g5 Be7 22. Qf4 Nc6 23. Re4 Bd6 24. Qf3 Bxg3 25. fxg3 Qd7 26. Rae1 Re8 27. Qf5 Rxe4 28. Qxd7 Rxe1+ 29. Kf2 Re6 30. Qb7 Rae8 31. g4 Ne5 32. Kg3 Nc4 33. b3 Ne3 34. Qd7 Nxc2 35. a4 Re3+ 36.
Kh4 bxa4 37. bxa4 d3 38. a5 Ne1 39. g6 hxg6 40. Kg5 d2 41. Kh4 Nf3+ 0-1

[Event "*** Titled Tuesday Blitz"]
[Site "Chess.com"]
[Date "2020.05.05"]
[Round "10"]
[White "Gurvich_Vitaly"]
[Black "temus_galaktionov"]
[Result "0-1"]
[WhiteElo "2560"]
[BlackElo "2753"]
[TimeControl "180+1"]
[EndTime "11:59:41 PDT"]
[Termination "temus_galaktionov won on time"]

1. e4 c6 2. Nf3 g6 3. d3 Bg7 4.
Nbd2 d6 5. g3 Nd7 6. Bg2 e5 7.
Nc4 Qe7 8. O-O Ngf6 9. Re1 O-O 10. b3 Nb6 11. Ba3 Nxc4 12. dxc4 c5 13. Nd2 b6 14.
Nf1 Bb7 15. Qd3 a5 16. Bb2 a4 17. Ne3 Ra5 18. Bc3 Ra6 19. Rad1 Rd8 20. b4 Raa8 21.
b5 h6 22. a3 Rd7 23. f3 Rf8 24. h4 h5 25. Bh3 Rdd8 26. Kh2 Kh7 27. Qe2 Bh6 28. Rd3 Rg8 29. Red1 Bf8 30. Be1 Qc7 31.
Bf2 Be7 32. R1d2 Bc8 33. Bxc8 Qxc8 34. Nd5 Nxd5 35. Rxd5 f5 36. exf5 Qxf5 37. f4 Bf6 38. Rxd6 Rxd6 39. Rxd6 exf4 40. Rxb6 Rd8 41. Qe6 fxg3+ 42.
Kxg3 Be5+ 43. Kg2 Qe4+ 44. Kh3 Qf3+ 0-1

[Event "*** Titled Tuesday Blitz"]
[Site "Chess.com"]
[Date "2020.05.05"]
[Round "10"]
[White "ThePatrick27"]
[Black "praveenb2002"]
[Result "0-1"]
[WhiteElo "2547"]
[BlackElo "2735"]
[TimeControl "180+1"]
[EndTime "11:59:41 PDT"]
[Termination "praveenb2002 won by resignation"]

1. d4 d5 2. c4 c6 3. Nc3 Nf6 4. Nf3 dxc4 5. a4 Bf5 6. e3 e6 7. Bxc4 Bb4 8. O-O O-O 9. Qe2 Nbd7 10. e4 Bg6 11. Bd3 Bh5 12. e5 Nd5 13. Nxd5 cxd5 14.
Qe3 Be7 15. Bd2 Nb8 16. b4 Nc6 17. b5 Nb4 18. Bxb4 Bxb4 19. Rfc1 Rc8 20. Ng5 h6 21. Nh3 Be7 22. Nf4 Bg5 23. h4 Bxf4 24. Qxf4 Qe7 25. g3 Rfd8 26. Qd2 Bg4 27. Rc3 Rc7 28. Rac1 Rdc8 29.
Bb1 Qd7 30. Rc5 b6 31. R5c3 Rc4 32. Rxc4 Rxc4 33. Rxc4 dxc4 34. Be4 Qc7 35. Qc3 Be2 36. f3 Bd1 37. Kf2 Bxa4 38. Qb4 Bb3 39. Ke2 Qd7 40. Ke3 f5 41. exf6 gxf6 42. f4 Qg7 43. Kf2 f5 44. Bf3 Qxd4+ 45. Kg2 Qd7 46. Qc3 Qg7 47. Qd2 Kh7 48. h5 c3 49. Qc1 c2 50. Bc6 Qd4 51. Kh2 Qd1 52. Qe3 c1=Q 53. Qf2 Qcd2 0-1

[Event "*** Titled Tuesday Blitz"]
[Site "Chess.com"]
[Date "2020.05.05"]
[Round "10"]
[White "11kevin"]
[Black "XDPS"]
[Result "0-1"]
[WhiteElo "2538"]
[BlackElo "2724"]
[TimeControl "180+1"]
[EndTime "11:59:41 PDT"]
[Termination "XDPS won by resignation"]

1. d4 d5 2. c4 e6 3. Nc3 Nf6 4.
Nf3 c6 5. e3 Nbd7 6. Qc2 Bd6 7.
Bd3 O-O 8. O-O dxc4 9. Bxc4 a6 10. Be2 b5 11. e4 e5 12. dxe5 Nxe5 13. Nh4 Re8 14. h3 Ng6 15. Nf5 Be5 16. Rd1 Qc7 17. Bf3 Be6 18. g3 c5 19. Bg2 Rad8 20. Be3 c4 21. f4 Bxc3 22. Qxc3 Bxf5 23. exf5 Ne7 24. g4 Ned5 25. Bxd5 Nxd5 26. Rxd5 Rxd5 27. Rc1 Qd6 28. Re1 Rd3 29. Bf2 Rf8 30. Qc1 Rxh3 31. Kg2 Rd3 32.
g5 Qd5+ 33. Kh2 Qxf5 34. Bg3 Qg4 35. Re3 Qh5+ 36. Kg2 Rfd8 37. Qe1 Rxe3 38. Qxe3 Qd1 39. Bf2 Qd5+ 40. Kg1 Qe6 41. Qa7 Qg4+ 42. Kh2 Qh5+ 43. Kg2 Qg6 44. Qc7 Re8 45. Qd7 Qe4+ 46. Kh2 Qe6 47.
Qc7 h6 48. Kg3 hxg5 49. Bd4 gxf4+ 50. Qxf4 Qg6+ 51. Kf2 Qc2+ 52. Kg3 Qd3+ 53. Kg2 Qe4+ 54. Qxe4 Rxe4 55. Bc3 Re2+ 56. Kf3 Re6 57. a3 f6 58. Kf4 Kf7 59. Kf3 g5 60. Kg4 Kg6 61. Kf3 f5 0-1

[Event "*** Titled Tuesday Blitz"]
[Site "Chess.com"]
[Date "2020.05.05"]
[Round "10"]
[White "zmeeed67"]
[Black "Herracek"]
[Result "1-0"]
[WhiteElo "2427"]
[BlackElo "2589"]
[TimeControl "180+1"]
[EndTime "11:59:41 PDT"]
[Termination "zmeeed67 won on time"]

1. d4 Nf6 2. c4 e5 3. dxe5 Ng4 4. Bf4 g5 5. Bg3 Bg7 6. Nf3 Nc6 7. Nc3 Ngxe5 8. e3 d6 9. h4 g4 10. Nd4 h5 11.
Bd3 Nxd3+ 12. Qxd3 Ne5 13. Qe2 Bd7 14. O-O Ng6 15. Nd5 Be5 16. f4 gxf3 17. Qxf3 O-O 18. Bxe5 dxe5 19. Nf6+ Kg7 20. Nxh5+ Kh6 21. Nf5+ Bxf5 22.
Qxf5 Qxh4 23. Rf3 Qxh5 24. Rh3 Qxh3 25. Qxh3+ Kg7 26. Rf1 Rad8 27. Qf3 Rd2 28. Qxb7 c5 29. Qxa7 Nh4 30. Rf2 Rd1+ 31. Kh2 Kg6 32. Qb6+ f6 33. Qe6 Rd3 34. Qg4+ Kf7 35. Qxh4 Rd6 36. Qh7+ Ke6 37. Qf5+ Ke7 38. g4 Rh8+ 39. Kg2 Rh6 40. a3 Rd1 41. b4 Rdh1 42. bxc5 R6h2+ 43. Kf3 Rf1 44. Rxf1 1-0

[Event "*** Titled Tuesday Blitz"]
[Site "Chess.com"]
[Date "2020.05.05"]
[Round "10"]
[White "JulAnt"]
[Black "MiroVlasenko"]
[Result "0-1"]
[WhiteElo "2451"]
[BlackElo "2575"]
[TimeControl "180+1"]
[EndTime "11:59:41 PDT"]
[Termination "MiroVlasenko won by resignation"]

1. e4 Nc6 2. Nf3 d5 3. exd5 Qxd5 4. Nc3 Qh5 5. d4 Bg4 6. Be2 O-O-O 7. h3 Nf6 8. Be3 e5 9. d5 e4 10. Nd4 Bxe2 11.
Qxe2 Qxe2+ 12. Ndxe2 Nb4 13. O-O-O Nbxd5 14. Nxd5 Nxd5 15. Bd4 f6 16. Nc3 Nxc3 17. Bxc3 Rxd1+ 18. Rxd1 Bd6 19. Re1 Re8 20. Kd2 Bc5 21. Ke2 Kd7 22. Rd1+ Ke7 23.
Bd4 Bd6 24. Ke3 Kf7 25. g3 f5 26. h4 g6 27. c4 b6 28. a3 Rd8 29. Rg1 Be7 30.
Be5 Rd3+ 31. Ke2 c6 32. Bc3 Bf6 33. Bxf6 Kxf6 34. Rc1 c5 35. b4 Rxa3 36. bxc5 bxc5 37. Rd1 Ke6 38. Rd5 Ra5 39. Ke3 h6 40. g4 Ra3+ 41.
Ke2 f4 42. Rxc5 a5 43. Rc6+ Ke5 44. Rxg6 f3+ 45. Ke1 Ra1+ 46. Kd2 Ra2+ 47. Kc3 Rxf2 48. Rxh6 e3 49. Rh8 e2 50. Kd2 Rf1 51. Re8+ Kf4 52. g5 Rd1+ 53. Kc2 e1=Q 54. Rxe1 Rxe1 55. g6 Rg1 56. h5 f2 0-1

[Event "*** Titled Tuesday Blitz"]
[Site "Chess.com"]
[Date "2020.05.05"]
[Round "10"]
[White "SlavenPastar"]
[Black "VALPARAISO37"]
[Result "1-0"]
[WhiteElo "2371"]
[BlackElo "2380"]
[TimeControl "180+1"]
[EndTime "11:59:41 PDT"]
[Termination "SlavenPastar won on time"]

1. d4 Nf6 2. c4 e6 3. Nc3 Bb4 4. e3 O-O 5. Bd3 d5 6. cxd5 exd5 7.
Bd2 b6 8. Nge2 Bb7 9. O-O a6 10. Rc1 Bd6 11. f3 c5 12. Qe1 Nc6 13. Qf2 cxd4 14.
exd4 h6 15. Kh1 Re8 16. Qh4 Ne7 17. Bxh6 gxh6 18. Qxh6 Ng6 19. Bxg6 fxg6 20. Qxg6+ Kh8 21. Ng3 Rg8 22. Qh6+ Nh7 23. Nf5 Bf8 24. Qh5 Rg5 25.
Qf7 Qf6 26. Qxb7 Rd8 27. Ng3 Qh6 28. Nce2 Rg7 29. Qc6 Rg6 30. Qb7 Rg7 31. Rc7 Rxc7 32. Qxc7 Re8 33. Qf4 Qg6 34. Nc3 Bd6 35. Qg4 Qf6 36. Qf5 Qh6 37. Qh5 Qe6 38. Qxd5 Qg6 39. Qh5 Qg8 40. Nf5 Bf4 41. Ne4 Rc8 42. Nf6 Rc7 43.
Nxg8 1-0

[Event "*** Titled Tuesday Blitz"]
[Site "Chess.com"]
[Date "2020.05.05"]
[Round "10"]
[White "sm_sharon"]
[Black "mariangie523"]
[Result "1/2-1/2"]
[WhiteElo "2177"]
[BlackElo "2058"]
[TimeControl "180+1"]
[EndTime "11:59:41 PDT"]
[Termination "Game drawn by repetition"]

1. e4 c5 2. Ne2 Nc6 3. Nbc3 Nf6 4. g3 g6 5. Bg2 Bg7 6. O-O O-O 7. d4 cxd4 8. Nxd4 Nxd4 9. Qxd4 d6 10. Bg5 h6 11.
Be3 Ng4 12. Qd2 Nxe3 13. Qxe3 Qa5 14. Nd5 Re8 15. c3 Be6 16. a4 Bxd5 17. exd5 b5 18. axb5 Qxb5 19. Rxa7 Rxa7 20. Qxa7 Qxb2 21. Qd7 Kf8 22.
c4 Bc3 23. h4 Qe2 24. Bh3 h5 25. Qb5 Bd4 26. Kg2 Ra8 27. Qb1 Ra1 28. Qxa1 Bxa1 29. Rxa1 Qxc4 30. Rd1 Qe4+ 31. Kg1 Kg7 32. Bg2 Qe5 33.
Rd3 f5 34. Re3 Qa1+ 35. Kh2 Kf7 36. f4 Qd4 37. Re6 Qf2 38. Kh1 Qd4 39. Kh2 Qf2 40.
Kh3 Qd4 41. Re2 Qd1 42. Re6 Qg4+ 43. Kh2 Qd1 44. Re3 Qg4 45. Re6 Qd1 46. Re3 Qd2 47.
Re6 Qd1 1/2-1/2

[Event "*** Titled Tuesday Blitz"]
[Site "Chess.com"]
[Date "2020.05.05"]
[Round "10"]
[White "Konavets"]
[Black "RobPeresian"]
[Result "1-0"]
[WhiteElo "2905"]
[BlackElo "2331"]
[TimeControl "180+1"]
[EndTime "11:59:43 PDT"]
[Termination "Konavets won by resignation"]

1. d4 d5 2. Nf3 Nf6 3. c4 e6 4. e3 c5 5. Nc3 Nc6 6. cxd5 exd5 7. Bd3 Bd6 8. dxc5 Bxc5 9. O-O O-O 10. h3 a6 11. b3 Qe7 12. Bb2 Be6 13. Rc1 Rac8 14. Ne2 Ne4 15. Nf4 Rfd8 16. Qe2 Bf5 17. Rfd1 g5 18. Nh5 Bg6 19. Nd4 Bxd4 20. exd4 Bxh5 21.
Qxh5 Nb4 22. Bb1 Rxc1 23. Bxc1 h6 24. Re1 Qf6 25. Bxe4 dxe4 26. Rxe4 Nd5 27. Re5 Nc3 28. Bd2 Nd5 29. Bxg5 hxg5 30. Rxg5+ Kf8 31. Rxd5 Re8 32.
Re5 Rxe5 33. Qxe5 Qc6 34. Qc5+ Qxc5 35. dxc5 Ke8 36. h4 Kf8 37. h5 Kg7 38. g4 Kh6 39. f3 Kg5 40. Kf2 f5 41. Ke3 fxg4 42. fxg4 Kh6 43.
Kf4 Kg7 44. g5 1-0

[Event "*** Titled Tuesday Blitz"]
[Site "Chess.com"]
[Date "2020.05.05"]
[Round "10"]
[White "GukeshDommaraju"]
[Black "almatyonelove"]
[Result "0-1"]
[WhiteElo "2759"]
[BlackElo "2586"]
[TimeControl "180+1"]
[EndTime "11:59:43 PDT"]
[Termination "almatyonelove won by resignation"]

1. e4 e5 2. Nf3 Nc6 3. Bb5 a6 4. Ba4 Nf6 5. O-O Be7 6. Re1 b5 7. Bb3 d6 8. c3 O-O 9. h3 Na5 10. Bc2 c5 11. d4 Nd7 12. Bd2 Qc7 13. d5 Nb6 14. b3 Bd7 15. Be3 Nb7 16. Nbd2 a5 17. a3 f5 18. exf5 Nxd5 19. Bg5 Nxc3 20. Qc1 Bf6 21. Nf1 Bc6 22. Nh4 Qe7 23. f4 b4 24. Ng3 Qf7 25. Kh2 Rae8 26. axb4 cxb4 27.
Bd3 Nc5 28. Bc4 d5 29. Rxa5 dxc4 30. Rxc5 exf4 31. Bxf4 Ba8 32. Rc7 Qd5 33. bxc4 Qd3 34. Nh5 Bxh4 35. Rxg7+ Kh8 36. Be5 Rxe5 37. Rxe5 Qd6 38.
Qf4 Bf6 39. Nxf6 Kxg7 40. Nh5+ Kh8 41. f6 Ne2 42. Qg5 Rf7 43. Qg7+ Rxg7 44. fxg7+ Kg8 45. Nf6+ Qxf6 0-1